 Dungeon Crawl Stone Soup version 0.31-a0-818-ge7c7cf74f0 (webtiles) character file.

Game seed: 16971845912143343588

211 Kurtz the Chopper (level 5, -2/37 HPs)
             Began as an Octopode Fighter on Sept 23, 2023.
             Was an Initiate of Gozag.
             Engulfed by Blork the orc's steam (7 damage)
             ... on level 4 of the Dungeon.
             The game lasted 00:01:13 (1692 turns).

Kurtz the Chopper (Octopode Fighter)                Turns: 1692, Time: 00:01:15

Health: -2/37      AC:  1    Str: 18    XL:     5   Next: 88%
Magic:  5/5        EV: 13    Int: 10    God:    Gozag
Gold:   44         SH:  4    Dex: 11    Spells: 4/4 levels left

rFire   . . .        a - +0 war axe
rCold   . . .        b - +0 buckler
rNeg    . . .        (helmet restricted)
rPois   .            (no amulet)
rElec   .            e - ring of willpower
rCorr   .            (no ring)
SInv    .            (no ring)
Will    +....        (no ring)
Stlth   +++          (no ring)
HPRegen 0.26/turn    (no ring)
MPRegen 0.09/turn    (no ring)
                     (no ring)

%: no passive effects
@: brilliant
A: almost no armour, amphibious, 8 rings, camouflage 1, gelatinous body 1,
nimble swimmer 1, tentacles
a: Renounce Religion, Potion Petition, Call Merchant, Bribe Branch


You were on level 4 of the Dungeon.
You worshipped Gozag.
Gozag was noncommittal.
You visited 1 branch of the dungeon, and saw 4 of its levels.

You collected 122 gold pieces.
You paid 78 gold pieces to Gozag.

Inventory:

Hand Weapons
 a - a +0 war axe (weapon)
Armour
 b - a +0 buckler (worn)
Jewellery
 e - a ring of willpower (left tentacle)
Wands
 k - a wand of polymorph (8)
Scrolls
 g - a scroll of immolation {unknown}
Potions
 c - a potion of might
 d - a potion of brilliance
 f - a potion of haste {unknown}
 h - 4 potions of curing {unknown}
 i - a potion of heal wounds {unknown}
 j - a potion of resistance {unknown}


   Skills:
 + Level 3.7 Fighting
 * Level 4.9 Axes
 + Level 3.8 Dodging
 - Level 3.0 Shields


You had 4 spell levels left.
You didn't know any spells.
Your spell library contained the following spells:

 Spells                   Type           Power      Damage    Failure   Level
 Shock                    Conj/Air       0%         1d3       43%         1
 Gell's Gravitas          Tloc           0%         N/A       82%         3
 Swiftness                Air            0%         N/A       82%         3
 Teleport Other           Tloc           0%         N/A       82%         3
 Airstrike                Air            0%         2d(0-16)  99%         4
 Dispersal                Tloc           0%         N/A       100%        6


Dungeon Overview and Level Annotations

Branches:
Dungeon (4/15)
 Temple: D:4-7

Altars:
Gozag

Annotations:
D:3 1 transporter
D:4 Blork the orc


Innate Abilities, Weirdness & Mutations

You cannot wear most types of armour.
You are amphibious.
You can wear up to eight rings at the same time.
Your skin changes colour to match your surroundings (Stealth+).
Your rubbery body absorbs attacks. (AC +1, EV +1)
You are camouflaged when in or above water. (Stealth+)
You have tentacles for arms and can constrict up to eight enemies at once.


Message History

A goblin is nearby!
A goblin is nearby!
No target in view!
No target in view!
No target in view!
A goblin is nearby!
You hit the goblin.
You kill the goblin!
No target in view!
No target in view!
You now have 44 gold pieces (gained 22).
You see here a +0 club.
There is a stone staircase leading up here.
Found an escape hatch in the floor.
Blork the orc comes into view.
He is wielding a +3 dire flail of holy wrath and wearing a +2 robe of fire resistance.
Blork the orc shouts!
Blork the orc looks angry.
Blork the orc is nearby!
You enter the deep water.
Blork the orc is nearby!
Blork the orc hits you with a +3 dire flail of holy wrath!
You closely miss Blork the orc. Your grab misses Blork the orc.
Blork the orc completely misses you.
You hit Blork the orc. Your grab misses Blork the orc.
Blork the orc is lightly wounded.
Blork the orc gestures at you while chanting.
The magic dart hits you. Blork the orc casts a spell at you.
The puff of flame misses you.
You hit Blork the orc. You grab Blork the orc. You squeeze Blork the orc.
Blork the orc is moderately wounded.
You are engulfed in a cloud of scalding steam.
* * * LOW HITPOINT WARNING * * *
You constrict Blork the orc. Blork the orc closely misses you.
You are too injured to fight recklessly!
It was a potion of brilliance.
You feel clever all of a sudden.
You are engulfed in a cloud of scalding steam.
You die...
Your body crumbles into a pile of gold.

#............
##.......##....#####..
##.........##...# ##.
#....≈≈≈....#..)# #.
##...≈≈≈≈≈...##..# #.
#...≈≈...≈≈...#..######.
#...≈≈.>.≈≈...#..#......
#...≈≈.o.≈≈...##.#.####.
#...≈≈@≈≈...# #.#.# #.
#....≈≈≈....# #.#.####.
##.........####.....##.
##.......##....###....
### ###...####.##.#
#.... #..
#.#...#....##.###.##.
#.#
#.#...####.##.......#
#.# #.##.## #.####.###.#
#<# #.#..## #......# #..


You could see Blork the orc.

Vanquished Creatures
  Eustachio (D:4)
  A gnoll (D:3)
  An adder (D:3)
  6 orcs
  3 ball pythons
  7 endoplasms
  2 giant cockroaches
  A hobgoblin (D:1)
  2 jackals (D:1)
  5 kobolds
  A quokka (D:1)
  5 bats
  A frilled lizard (D:1)
  3 goblins
  2 rats
41 creatures vanquished.

Notes
Turn   | Place    | Note
-------+----------+-------------------------------------------
     0 | D:1      | Kurtz the Octopode Fighter began the quest for the Orb.
     0 | D:1      | Reached XP level 1. HP: 16/16 MP: 1/1
   162 | D:1      | Reached XP level 2. HP: 21/21 MP: 2/2
   430 | D:1      | Reached XP level 3. HP: 25/26 MP: 3/3
   643 | D:2      | You fall into a shaft and drop 1 floor!
   652 | D:3      | Found a transporter.
   660 | D:3      | Reached skill level 3 in Axes
  1005 | D:3      | Reached XP level 4. HP: 13/31 MP: 4/4
  1271 | D:4      | Noticed Eustachio
  1285 | D:4      | Killed Eustachio
  1286 | D:4      | Reached skill level 4 in Axes
  1286 | D:4      | Reached XP level 5. HP: 30/37 MP: 5/5
  1324 | D:4      | Found an opulent altar of Gozag.
  1453 | D:4      | Became a worshipper of Gozag Ym Sagoz the Greedy
  1684 | D:4      | Noticed Blork the orc
  1692 | D:4      | Engulfed by Blork the orc's steam

Illustrated notes

Levels and vault maps discovered:
D:1:      shiori_shiawase, layout_loops_ring
D:2:      layout_basic, ebering_ecumenical_altar_rust, basic_altar,
          minmay_hexomino_p4, uniq_crazy_yiuf_cottage
D:3:      gammafunk_wand_slinger, layout_rooms, bloody_trog,
          grunt_nemelex_the_gamble, lemuel_zombie_altar_yredelemnul,
          serial_shops, nicolae_shop_statue_plus,
          nicolae_shop_overgrown_old_shop, chequers_serial_rivers_micro_c,
          minmay_increasing_density, uniq_terence
D:4:      layout_loops_ring, tgw_sif, nicolae_overflow_crystal_walls,
          nzn_wu_jian_council_hall, uniq_natasha, uniq_blork_the_orc,
          uniq_eustachio

Skill      XL: |  1  2  3  4 |
---------------+-------------+-----
Axes           | 3 4 |  4.9
Fighting       | |  3.7
Dodging        | |  3.8
Shields        | |  3.0

Action                     |  1- 3 |  4- 6 || total
---------------------------+-------+-------++-------
  Melee: War axe           |    61 |    18 ||    79
         Constrict         |    13 |     2 ||    15
         Tentacles         |    11 |     3 ||    14
    Use: Potion            |       |     1 ||     1
   Stab: Sleeping          |     8 |     2 ||    10
 Armour: Skin              |    19 |     8 ||    27
  Dodge: Dodged            |    49 |     9 ||    58
  Block: Buckler           |    10 |     3 ||    13

Table legend: (Time is in decaauts)
 A = Elapsed time spent in this place.
 B = Non-inter-level travel time spent in this place.
 C = Inter-level travel time spent in this place.
 D = Time resting spent in this place.
 E = Time spent auto-exploring this place.
 F = Levels seen in this place.
 G = Mean time per level.
                   A        B        C        D        E       F      G
               +--------+--------+--------+--------+--------+-----+--------+
         Total |   1722 |   1688 |     34 |    254 |   1134 |   4 |  430.5 |
       Dungeon |   1722 |   1688 |     34 |    254 |   1134 |   4 |  430.5 |
               +--------+--------+--------+--------+--------+-----+--------+

Top non-repeatable levels by time:
     D:4: 685 daAuts
     D:1: 651 daAuts
     D:3: 378 daAuts
     D:2: 7 daAuts
